[Event "Titled Tuesday Blitz June 07 Early 2022"]
[White "Salinas Herrera, Pablo"]
[Black "Przybylski, Wojciech"]
[WhiteFideId "3407128"]
[BlackFideId "1117599"]
[WhiteElo "2541"]
[BlackElo "2133"]
[Result "1-0"]
[Round "02"]
[TimeControl "180+1"]
[Date "2022.06.07"]
[WhiteClock "0:00:06"]
[BlackClock "0:00:07"]

1. d4 Nf6 2. Nf3 d5 3. Bf4 Bg4 4. Ne5 Bf5 5. c4 c6 6. Qb3 Qb6 7. c5 Qxb3 8. axb3 Bxb1 9. Rxb1 Nbd7 10. h3 Nxe5 11. Bxe5 Nd7 12. Bg3 g6 13. e3 Bg7 14. Kd2 e5 15. Kd3 Ke7 16. b4 a6 17. Be2 f5 18. Rhd1 Rhf8 19. Bh2 Rae8 20. Kc2 h5 21. Rf1 Kf7 22. dxe5 Bxe5 23. Bg1 Nf6 24. Rbd1 Ne4 25. Bd3 Kg7 26. f3 Nf6 27. Rde1 Rf7 28. Bf2 Rfe7 29. Bh4 Re6 30. Re2 Nh7 31. g4 hxg4 32. hxg4 f4 33. exf4 Bxf4 34. Rxe6 Rxe6 35. Bf2 Ng5 36. Bd4+ Kf7 37. Bc3 Re8 38. Rh1 Rd8 39. Re1 d4 40. Bc4+ Kf6 41. Rd1 Be5 42. Bd2 Ne6 43. Bd3 Nf4 44. Be4 Rh8 45. g5+ Kxg5 46. Rg1+ Kf6 47. Bxf4 Bxf4 48. Rxg6+ Ke5 49. Rg7 Rh2+ 50. Kb3 Bc1 51. Re7+ Kf4 52. Rd7 Rxb2+ 53. Kc4 Ke3 54. Rxb7 Ra2 55. Rd7 Rc2+ 56. Bxc2 Bb2 57. Bd3 Bc3 58. Re7+ Kxf3 59. Re6 Kf4 60. Rxc6 a5 61. bxa5 Bxa5 62. Ra6 1-0


[Site "https://www.chess.com"]

[Event "Titled Tuesday Blitz June 07 Early 2022"]
[White "Sarana, Alexey"]
[Black "Hasangatin, Ramil"]
[WhiteFideId "24133795"]
[BlackFideId "4122160"]
[WhiteElo "2666"]
[BlackElo "2384"]
[Result "1-0"]
[Round "02"]
[TimeControl "180+1"]
[Date "2022.06.07"]
[WhiteClock "0:00:14"]
[BlackClock "0:00:01"]

1. d4 d6 2. e4 Nf6 3. Nc3 e5 4. Nf3 Nbd7 5. Bc4 Be7 6. O-O O-O 7. a4 c6 8. Re1 b6 9. h3 Bb7 10. Ba2 a6 11. Be3 b5 12. d5 b4 13. dxc6 Bxc6 14. Nd5 Nxe4 15. Nxb4 Bb7 16. Bd5 Bxd5 17. Qxd5 Nef6 18. Qc4 Qc8 19. Nc6 Re8 20. a5 d5 21. Nxe7+ Rxe7 22. Qxc8+ Rxc8 23. c3 h6 24. Ra3 Rb8 25. b4 Ne4 26. c4 dxc4 27. Ba7 Rb7 28. Rxe4 Rxa7 29. Rxc4 e4 30. Nd4 Ne5 31. Rc8+ Kh7 32. b5 axb5 33. Nxb5 Rab7 34. Nd6 Rb1+ 35. Kh2 Nd3 36. a6 Nxf2 37. a7 e3 38. a8=Q e2 39. Rh8+ Kg6 40. Rg3+ Kf6 41. Qf3+ 1-0


[Site "https://www.chess.com"]

[Event "Titled Tuesday Blitz June 07 Early 2022"]
[White "Shailesh, Dravid"]
[Black "Drygalov, Andrey"]
[WhiteFideId "25017969"]
[BlackFideId "24171735"]
[WhiteElo "2142"]
[BlackElo "2540"]
[Result "0-1"]
[Round "02"]
[TimeControl "180+1"]
[Date "2022.06.07"]
[WhiteClock "0:00:13"]
[BlackClock "0:00:23"]

1. e4 e5 2. Nf3 Nc6 3. Bc4 Bc5 4. c3 Nf6 5. d3 d6 6. Bb3 O-O 7. Nbd2 a6 8. h3 Be6 9. Bc2 d5 10. O-O d4 11. Nb3 Ba7 12. cxd4 exd4 13. Ng5 Bd7 14. f4 Nb4 15. f5 Re8 16. Bf4 h6 17. Nf3 c5 18. Ne5 b5 19. Kh1 Rc8 20. a3 Nxc2 21. Qxc2 c4 22. Nd2 Bb8 23. Nxd7 Nxd7 24. Bxb8 Nxb8 25. dxc4 bxc4 26. Nxc4 d3 27. Qc3 Rxe4 28. b3 Re2 29. Rad1 Qg5 30. Rg1 Qxf5 31. Rxd3 f6 32. Qd4 Nc6 33. Qd6 Rd8 34. Rf3 Qxf3 35. Qxd8+ Nxd8 36. gxf3 Ne6 37. Rd1 Nf4 38. Rd6 Nxh3 39. Rxa6 Ng5 40. Kg1 Nxf3+ 41. Kf1 Rc2 42. a4 h5 43. a5 h4 44. Ra8+ Kh7 45. Ne3 Ra2 46. a6 h3 47. Ng4 f5 48. Nf2 h2 49. a7 Rxf2+ 50. Kxf2 h1=Q 51. Rh8+ Kxh8 52. a8=Q+ Kh7 53. Qxf3 Qh2+ 54. Ke3 Qe5+ 55. Kd3 g6 56. Qb7+ Kh6 57. b4 f4 58. b5 Qe3+ 59. Kc4 f3 60. b6 f2 61. Qh1+ Kg5 62. b7 Qe2+ 63. Kc5 f1=Q 64. Qxf1 Qxf1 65. b8=Q Qf5+ 66. Kc4 Qf4+ 67. Qxf4+ Kxf4 68. Kd3 Kf3 69. Kd2 Kf2 70. Kd3 g5 71. Ke4 g4 0-1


[Site "https://www.chess.com"]

[Event "Titled Tuesday Blitz June 07 Early 2022"]
[White "Shtyka, Sergey"]
[Black "Lauridsen, Jesper Morch"]
[WhiteFideId "4138465"]
[BlackFideId "1401890"]
[WhiteElo "2014"]
[BlackElo "2174"]
[Result "1/2-1/2"]
[Round "02"]
[TimeControl "180+1"]
[Date "2022.06.08"]
[WhiteClock "0:00:07"]
[BlackClock "0:00:06"]

1. e4 e6 2. Nf3 d5 3. e5 c5 4. b4 b6 5. bxc5 bxc5 6. c3 d4 7. cxd4 cxd4 8. Qa4+ Bd7 9. Qxd4 Nc6 10. Qf4 Nh6 11. Bc4 Nb4 12. Na3 Be7 13. O-O g5 14. Qd4 Nf5 15. Qe4 Bc6 16. Qe2 g4 17. Ne1 Rg8 18. Bb5 Nd4 19. Bxc6+ Nbxc6 20. Qe4 Qd5 21. Qxd5 exd5 22. Nd3 Rc8 23. Rb1 Ne2+ 24. Kh1 Nxc1 25. Rfxc1 Bxa3 26. Rc2 Kd7 27. Rb5 Ne7 28. Rb7+ Ke6 29. Rxc8 Rxc8 30. h3 gxh3 31. Rxa7 Bc5 32. Ra6+ Kf5 33. gxh3 Ke4 34. Nxc5+ Rxc5 35. Ra7 Ng6 36. Rxf7 Nxe5 37. Rxh7 Rc1+ 38. Kg2 d4 39. Re7 Kd5 40. h4 Rc2 41. h5 Rxd2 42. h6 Ng4 43. h7 Rxf2+ 44. Kg3 Rh2 45. Kxg4 d3 46. Rd7+ Kc4 47. a4 d2 48. a5 Rxh7 49. Rxd2 Ra7 50. Ra2 Kb5 51. Kf4 Rxa5 52. Rb2+ Ka6 53. Ke4 Rb5 54. Rc2 Kb6 1/2-1/2


[Site "https://www.chess.com"]

[Event "Titled Tuesday Blitz June 07 Early 2022"]
[White "Shubin, Kirill"]
[Black "Uskov, Artem"]
[WhiteFideId "34119962"]
[BlackFideId "34254854"]
[WhiteElo "2474"]
[BlackElo "2335"]
[Result "1-0"]
[Round "02"]
[TimeControl "180+1"]
[Date "2022.06.07"]
[WhiteClock "0:01:00"]
[BlackClock "0:00:03"]

1. e4 c5 2. Nf3 d6 3. Bb5+ Nd7 4. Ba4 Nf6 5. O-O g6 6. Re1 Bg7 7. c3 O-O 8. d4 a6 9. h3 b5 10. Bc2 Bb7 11. e5 Ne8 12. exd6 Nxd6 13. Be3 Bxf3 14. Qxf3 cxd4 15. Bxd4 Bxd4 16. cxd4 Nf6 17. Nc3 Nc4 18. b3 Nb6 19. Rad1 Rc8 20. Be4 b4 21. Nb1 Nbd5 22. Bxd5 Nxd5 23. Re5 e6 24. Rde1 Nc3 25. Qd3 Nxa2 26. Qxa6 Nc3 27. Qd3 Nxb1 28. Rxb1 Rc3 29. Qe4 Qf6 30. d5 exd5 31. Rxd5 Rfc8 32. Qxb4 Rc1+ 33. Rd1 R8c2 34. Qb8+ Kg7 35. Qg3 Rxd1+ 36. Rxd1 Rc3 37. Rd3 Rc1+ 38. Kh2 Qa1 39. Qf4 Rh1+ 40. Kg3 Rb1 41. Rf3 Qa7 42. Qf6+ Kg8 43. Rd3 Qb8+ 44. Kh4 Qb4+ 45. g4 Qb6 46. Qxb6 1-0


[Site "https://www.chess.com"]

[Event "Titled Tuesday Blitz June 07 Early 2022"]
[White "Shuvalov, Evgenij"]
[Black "Nugumanov, Bakhtiyar"]
[WhiteFideId "4187237"]
[BlackFideId "13701797"]
[WhiteElo "2023"]
[BlackElo "2262"]
[Result "1-0"]
[Round "02"]
[TimeControl "180+1"]
[Date "2022.06.08"]
[WhiteClock "0:00:14"]
[BlackClock "0:00:09"]

1. Nf3 d5 2. c4 e6 3. g3 Nf6 4. b3 Be7 5. Bb2 O-O 6. Bg2 c5 7. e3 b6 8. O-O Bb7 9. Nc3 Nc6 10. cxd5 exd5 11. d4 Rc8 12. Rc1 Ne4 13. dxc5 Nxc3 14. Bxc3 bxc5 15. Qe2 Qb6 16. Rfd1 Rfd8 17. Qb2 Bf8 18. Nh4 d4 19. Bd2 Ne5 20. Qb1 Bxg2 21. Kxg2 Qb7+ 22. e4 d3 23. Re1 Rd4 24. f3 Rd7 25. Nf5 c4 26. bxc4 Qxb1 27. Rxb1 Nxc4 28. Red1 Na3 29. Rbc1 Rc2 30. Ne3 Rxa2 31. Kh3 Nc2 32. Nd5 Ra6 33. Bf4 Ra3 34. Rd2 Rb7 35. Rcd1 Rbb3 36. Ne3 Nd4 37. Kg2 Bb4 38. Nc4 Ra4 39. Rxd3 Ra2+ 40. Kh3 Rxd3 41. Rxd3 Ne6 42. Bd6 Bxd6 43. Nxd6 h6 44. f4 a6 45. Nf5 Kh7 46. Nd4 Nc5 47. Re3 Ra4 48. Nc6 Nxe4 49. Ne5 Nf6 50. Kg2 Ra2+ 51. Kf3 Rxh2 52. Nxf7 Ra2 53. Rb3 a5 54. Rb7 a4 55. Ra7 Ra3+ 56. Kg2 Ra2+ 57. Kh3 Ra3 58. Nd6 Ne4 59. Nxe4 Ra2 60. Nc5 Kg6 61. Rxa4 Rxa4 62. Nxa4 Kf5 63. Nc5 g5 64. fxg5 hxg5 65. g4+ Kg6 66. Kg3 Kf6 67. Kf3 Ke5 68. Nd3+ Kd4 69. Nf2 Ke5 70. Nh3 Kf6 71. Ke4 Kg6 72. Ke5 Kh6 73. Kf5 Kg7 74. Nxg5 1-0


[Site "https://www.chess.com"]

[Event "Titled Tuesday Blitz June 07 Early 2022"]
[White "Slugin, Sergey"]
[Black "Suleymanli, Aydin"]
[WhiteFideId "4122569"]
[BlackFideId "13413937"]
[WhiteElo "2358"]
[BlackElo "2481"]
[Result "0-1"]
[Round "02"]
[TimeControl "180+1"]
[Date "2022.06.07"]
[WhiteClock "0:00:47"]
[BlackClock "0:00:17"]

1. d4 d5 2. Nc3 e6 3. Bf4 a6 4. e3 c5 5. Nf3 Nc6 6. Ne5 Nxe5 7. Bxe5 Ne7 8. Be2 Nc6 9. Bg3 cxd4 10. exd4 Qb6 11. Na4 Qa7 12. O-O Nxd4 13. Re1 Nc6 14. c4 dxc4 15. Bxc4 Bb4 16. Bd6 Bxe1 17. Bc5 b6 18. Nxb6 Bb4 19. Be3 Qb7 20. a3 Be7 21. Nxa8 Qxa8 22. Rc1 O-O 23. Qc2 Ne5 24. Be2 Bb7 25. Qc7 Bf6 26. f4 Ng6 27. f5 exf5 28. Bc4 Bxg2 29. Bc5 Be5 30. Qd7 Bh1 31. Qd2 Bf4 0-1


[Site "https://www.chess.com"]

[Event "Titled Tuesday Blitz June 07 Early 2022"]
[White "Tisaj, Domen"]
[Black "Kozak, Adam"]
[WhiteFideId "14628708"]
[BlackFideId "753246"]
[WhiteElo "2326"]
[BlackElo "2459"]
[Result "0-1"]
[Round "02"]
[TimeControl "180+1"]
[Date "2022.06.07"]
[WhiteClock "0:00:02"]
[BlackClock "0:00:05"]

1. Nf3 g6 2. e4 Bg7 3. d4 d6 4. Nc3 Nc6 5. h3 e5 6. dxe5 Nxe5 7. Nxe5 Bxe5 8. Bc4 Be6 9. Bxe6 fxe6 10. O-O Qd7 11. f4 Bxc3 12. bxc3 Ne7 13. Qd4 O-O 14. c4 Nc6 15. Qd3 Rf7 16. Bb2 Raf8 17. Qc3 e5 18. fxe5 Rxf1+ 19. Rxf1 Rxf1+ 20. Kxf1 Nxe5 21. c5 b6 22. cxd6 cxd6 23. Qb3+ Qf7+ 24. Ke2 Nc4 25. Bd4 Kf8 26. Qb5 Na5 27. Qg5 Nc6 28. Bc3 Qc4+ 29. Kd2 Qxe4 30. Qf6+ Ke8 31. Qh8+ Kd7 32. Qxh7+ Ne7 33. g4 Kc6 34. Qh8 Nd5 35. Qc8+ Nc7 36. Qh8 Kb7 37. Kc1 Nd5 38. Bd2 a5 39. Qh7+ Kc6 40. Qh8 Nc7 41. Qc3+ Kb7 42. Qd3 Qe6 43. Qb3 d5 44. Qe3 Qc6 45. Qc3 Qd7 46. Qe5 Ne6 47. h4 Qc6 48. h5 gxh5 49. gxh5 Nc5 50. Qe7+ Ka6 51. Qe2+ b5 52. h6 Ne4 53. Qd3 Qf6 54. Kd1 Nf2+ 0-1


[Site "https://www.chess.com"]

[Event "Titled Tuesday Blitz June 07 Early 2022"]
[White "Tomb, Maroun"]
[Black "Drygalov, Sergey"]
[WhiteFideId "5300398"]
[BlackFideId "24171743"]
[WhiteElo "2568"]
[BlackElo "2514"]
[Result "0-1"]
[Round "02"]
[TimeControl "180+1"]
[Date "2022.06.07"]
[WhiteClock "0:02:44"]
[BlackClock "0:02:45"]

1. e4 c5 2. Ne2 d6 3. g3 Nf6 4. Bg2 Nc6 5. c3 e5 6. d4 cxd4 7. cxd4 exd4 8. Nxd4 Bg4 9. f3 Bd7 10. Nc3 Be7 11. Be3 O-O 12. Qd2 Ne5 13. b3 Rc8 14. h3 d5 15. Nxd5 Nxd5 16. exd5 Bb4 0-1


[Site "https://www.chess.com"]

[Event "Titled Tuesday Blitz June 07 Early 2022"]
[White "Tristan, Leonardo"]
[Black "Devaev, Alexander"]
[WhiteFideId "113816"]
[BlackFideId "4169395"]
[WhiteElo "2404"]
[BlackElo "2185"]
[Result "1-0"]
[Round "02"]
[TimeControl "180+1"]
[Date "2022.06.08"]
[WhiteClock "0:00:09"]
[BlackClock "0:00:05"]

1. d4 Nf6 2. Nf3 e6 3. Bf4 c5 4. e3 d5 5. Nbd2 Bd6 6. Bb5+ Nc6 7. Bg3 O-O 8. c3 Qe7 9. Bxc6 bxc6 10. Qa4 Bxg3 11. hxg3 Bb7 12. Qa3 Nd7 13. Nb3 e5 14. Nxc5 Nxc5 15. Qxc5 Qxc5 16. dxc5 f6 17. Nh4 g6 18. g4 a5 19. g5 fxg5 20. Nf3 Rf5 21. Rd1 g4 22. Nd2 Raf8 23. O-O Ba6 24. c4 a4 25. b3 axb3 26. axb3 Bc8 27. e4 dxe4 28. Nxe4 Rf4 29. Nd6 Be6 30. Rde1 Rb8 31. Rxe5 Bf5 32. Nxf5 gxf5 33. Re3 Rd4 34. Rfe1 f4 35. Re4 Rbd8 36. Kh2 h5 37. Re5 Rd3 38. Rxh5 g3+ 39. fxg3 fxg3+ 40. Kh3 Rxb3 41. Re6 Rd1 42. Rxc6 Rc3 43. Kh4 Rh1+ 44. Kg5 Rxh5+ 45. Kxh5 Rxc4 46. Kg6 Rg4+ 47. Kf5 Rc4 48. Rc8+ Kf7 49. c6 Ke7 50. Ke5 Rc5+ 51. Kf4 Rc3 52. c7 Kd7 53. Rg8 Kxc7 54. Rxg3 Rc5 55. Rd3 Rc4+ 56. Kf3 Rc1 57. g4 Rf1+ 58. Kg3 Rg1+ 59. Kh4 Rf1 60. g5 Rf7 61. Kh5 Rf1 62. g6 Rg1 63. Kh6 Kc8 64. g7 Rh1+ 65. Kg6 Rg1+ 66. Kf7 Rf1+ 67. Kg8 Kb8 68. Rd4 Ka7 69. Kh7 Rh1+ 70. Kg6 Rg1+ 71. Kf6 Rb1 72. g8=Q Rb6+ 73. Ke5 1-0


[Site "https://www.chess.com"]

[Event "Titled Tuesday Blitz June 07 Early 2022"]
[White "Van Foreest, Jorden"]
[Black "Akbas, Umut Ata"]
[WhiteFideId "1039784"]
[BlackFideId "44572646"]
[WhiteElo "2609"]
[BlackElo "1590"]
[Result "1-0"]
[Round "02"]
[TimeControl "180+1"]
[Date "2022.06.07"]
[WhiteClock "0:00:51"]
[BlackClock "0:00:12"]

1. a4 Nf6 2. Nf3 g6 3. g3 Bg7 4. Bg2 O-O 5. O-O c5 6. d3 d5 7. Ne5 Nbd7 8. Nxd7 Bxd7 9. e4 dxe4 10. dxe4 Bc6 11. Qe2 Qc8 12. Nc3 Rd8 13. Bf4 Qe6 14. Rfe1 Nh5 15. Bd2 Rd7 16. Be3 Bxc3 17. bxc3 Qe5 18. Qc4 b6 19. f4 Qc7 20. Qe2 Qb7 21. e5 Bxg2 22. Qxg2 Qxg2+ 23. Kxg2 Ng7 24. Red1 Rad8 25. Rxd7 Rxd7 26. a5 Nf5 27. Kf3 Nxe3 28. Kxe3 b5 29. a6 Rd8 30. Ra5 Rb8 31. c4 bxc4 32. Kd2 Rb6 33. Kc3 Kf8 34. Kxc4 Ke8 35. Kxc5 Kd7 36. c4 Kc7 37. Kd4 Rb1 38. Rb5 Rd1+ 39. Kc5 1-0


[Site "https://www.chess.com"]

[Event "Titled Tuesday Blitz June 07 Early 2022"]
[White "Volkov, Maksim"]
[Black "Jobava, Baadur"]
[WhiteFideId "54123070"]
[BlackFideId "13601520"]
[WhiteElo "2155"]
[BlackElo "2617"]
[Result "1-0"]
[Round "02"]
[TimeControl "180+1"]
[Date "2022.06.07"]
[WhiteClock "0:00:11"]
[BlackClock "0:00:02"]

1. d4 c6 2. c4 d5 3. Nf3 Nf6 4. g3 dxc4 5. Bg2 Bf5 6. Ne5 Nbd7 7. Nxc4 e6 8. O-O Be7 9. Nc3 O-O 10. e4 Bg6 11. e5 Nd5 12. Ne4 N7b6 13. Ncd6 Qc7 14. Bg5 Bxe4 15. Nxe4 Rad8 16. Bxe7 Qxe7 17. Rc1 Qb4 18. Qd2 Qxd2 19. Nxd2 Nb4 20. Nb3 Rd7 21. Rfd1 Rfd8 22. a3 Na6 23. Bf1 Nb8 24. Rd2 Kf8 25. Rcd1 Ke7 26. Nc5 Rc7 27. f4 N8d7 28. Ne4 Nd5 29. Kf2 a5 30. Rc1 f5 31. Nd6 N7b6 32. h3 h6 33. Kf3 g5 34. Rdc2 a4 35. Bd3 Rxd6 36. exd6+ Kxd6 37. Re2 Rg7 38. Rce1 Nc7 39. fxg5 hxg5 40. g4 fxg4+ 41. Kxg4 Nbd5 42. Re5 Nf6+ 43. Kg3 Nfd5 44. Kg4 Nf6+ 45. Kg3 Nd7 46. R5e2 c5 47. dxc5+ Nxc5 48. Bc4 b5 49. Ba2 Nd5 50. Rd1 Rd7 51. Kg4 Kc6 52. Kxg5 Rg7+ 53. Kh4 Nf4 54. Rf2 e5 55. Rf3 Nd7 56. Rdf1 Nf8 57. Bb1 N8e6 58. Bf5 Nd4 59. Be4+ Kc5 60. Rxf4 exf4 61. Rxf4 Rg1 62. Rg4 Re1 63. Kg5 Re2 64. h4 Rxb2 65. h5 Rh2 66. h6 Ne6+ 67. Kg6 Nf8+ 68. Kg7 Ne6+ 69. Kg6 Kd6 70. h7 Ke5 71. Bb1 Rh1 72. Bd3 Rh3 73. Bxb5 Nf8+ 74. Kg7 Nxh7 75. Rxa4 Nf6 76. Ra5 Nh5+ 77. Kg6 Nf4+ 78. Kf7 Rh7+ 79. Kg8 Rc7 80. Bf1+ Kf6 81. Ra6+ Ne6 82. Bh3 Rc8+ 83. Kh7 Re8 84. a4 Kf7 85. Bg4 1-0


[Site "https://www.chess.com"]

[Event "Titled Tuesday Blitz June 07 Early 2022"]
[White "Xiong, Jeffery"]
[Black "Taboas Rodriguez, Daniel"]
[WhiteFideId "2047640"]
[BlackFideId "2208466"]
[WhiteElo "2714"]
[BlackElo "2429"]
[Result "1-0"]
[Round "02"]
[TimeControl "180+1"]
[Date "2022.06.07"]
[WhiteClock "0:00:03"]
[BlackClock "0:00:02"]

1. d4 Nf6 2. Nf3 g6 3. Nbd2 d5 4. b3 Bg7 5. Bb2 O-O 6. e3 Bf5 7. Be2 Ne4 8. Nxe4 Bxe4 9. O-O c6 10. c4 Nd7 11. Rc1 Re8 12. Nd2 Bf5 13. f4 Nf6 14. Nf3 Ne4 15. Ne5 f6 16. Nd3 Qd7 17. g4 Be6 18. Bf3 Rad8 19. Qe2 b6 20. Qg2 f5 21. g5 c5 22. cxd5 Bxd5 23. dxc5 Bxb2 24. Qxb2 Nxc5 25. Nxc5 bxc5 26. Rfd1 Qc6 27. Be2 e6 28. Qe5 Rc8 29. Kf2 Qc7 30. Qb2 Ba8 31. h4 Qc6 32. Rg1 e5 33. Rg3 Qd6 34. Bc4+ Kf8 35. h5 Rcd8 36. hxg6 hxg6 37. Ke2 Bd5 38. Rh3 Bxc4+ 39. bxc4 Qd3+ 40. Ke1 Kg7 41. fxe5 Re6 42. Qh2 Rh8 43. Rd1 Qxe3+ 44. Rxe3 Rxh2 45. Rd7+ Kf8 46. Kf1 Rxa2 47. Rh3 Re7 48. Rd8+ Kg7 49. Rdh8 Kf7 50. Rc8 Rxe5 51. Rh7+ Ke6 52. Rc6# 1-0


[Site "https://www.chess.com"]

[Event "Titled Tuesday Blitz June 07 Early 2022"]
[White "Xu, Yi"]
[Black "Turzo, Attila"]
[WhiteFideId "8605564"]
[BlackFideId "704954"]
[WhiteElo "2471"]
[BlackElo "2561"]
[Result "1-0"]
[Round "02"]
[TimeControl "180+1"]
[Date "2022.06.07"]
[WhiteClock "0:00:14"]
[BlackClock "0:00:04"]

1. e4 c5 2. Nf3 d6 3. d4 cxd4 4. Nxd4 Nf6 5. Nc3 a6 6. Be3 e5 7. Nb3 Be7 8. f3 Be6 9. Qd2 h5 10. O-O-O Nbd7 11. Nd5 Bxd5 12. exd5 a5 13. a4 Qc7 14. Bb5 O-O 15. Qf2 Rac8 16. Kb1 b6 17. h3 Nc5 18. g4 h4 19. g5 Nh5 20. Nxc5 dxc5 21. Qxh4 g6 22. Rhe1 Bd6 23. Bc1 Rcd8 24. Qe4 Qb8 25. b3 Ng3 26. Qg4 Nf5 27. h4 Ng7 28. Bb2 Rc8 29. Qe4 Rc7 30. Bxe5 Rd8 31. Bf6 Rf8 32. Qc4 Nh5 33. Bb2 Bg3 34. Qc3 f6 35. Re6 Be5 36. Rxe5 fxe5 37. d6 Ra7 38. Bc4+ Kh7 39. Qxe5 Ng7 40. h5 Qe8 41. Qxe8 Rxe8 42. Bd3 Nxh5 43. Rh1 Kg8 44. Bxg6 Ng3 45. Rh8# 1-0


[Site "https://www.chess.com"]

[Event "Titled Tuesday Blitz June 07 Early 2022"]
[White "Zhigalko, Sergei"]
[Black "Krysa, Leandro"]
[WhiteFideId "13502956"]
[BlackFideId "116807"]
[WhiteElo "2662"]
[BlackElo "2490"]
[Result "0-1"]
[Round "02"]
[TimeControl "180+1"]
[Date "2022.06.07"]
[WhiteClock "0:00:08"]
[BlackClock "0:00:05"]

1. e4 e5 2. Nf3 Nf6 3. Nxe5 d6 4. Nf3 Nxe4 5. Nc3 Nxc3 6. dxc3 Nc6 7. Be3 Bf5 8. Qd2 Be7 9. O-O-O Qd7 10. h3 O-O 11. g4 Be4 12. Bg2 Rae8 13. Rhe1 Bd8 14. Bf4 f5 15. g5 Re6 16. Re3 Rfe8 17. Bf1 Bxf3 18. Rxf3 Kh8 19. Bc4 R6e7 20. Rg3 Ne5 21. Bb3 Qb5 22. a4 Qc6 23. Qd5 Qxd5 24. Bxd5 c6 25. Bb3 d5 26. Be3 Bb6 27. Bd4 Bxd4 28. cxd4 Ng6 29. c4 dxc4 30. Bxc4 Re4 31. Rb3 b6 32. Rc3 Nf4 33. Bf7 Ne2+ 34. Kc2 Nxc3 35. bxc3 R8e7 36. Bc4 g6 37. Kb3 Kg7 38. Rd2 f4 39. Bd3 Re1 40. Kc2 Ra1 41. Kb3 Ree1 42. c4 Rad1 43. Kc3 Rxd2 44. Kxd2 Rh1 45. Be4 Rxh3 46. Bxc6 Rh5 47. Kd3 Rxg5 48. Ke4 Kf6 49. Kxf4 h5 50. f3 Rg1 51. Be4 h4 52. c5 bxc5 53. dxc5 h3 54. Ke3 h2 55. f4 h1=Q 56. Bxh1 Rxh1 57. Kd4 Ke6 58. Ke4 Ra1 59. Kd4 Rxa4+ 60. Kc3 Rxf4 61. c6 Kd6 62. c7 Kxc7 63. Kb3 g5 0-1


[Site "https://www.chess.com"]

[Event "Titled Tuesday Blitz June 07 Early 2022"]
[White "Zomorrodian, Eilia"]
[Black "Costachi, Mihnea"]
[WhiteFideId "12551805"]
[BlackFideId "1217518"]
[WhiteElo "2098"]
[BlackElo "2476"]
[Result "0-1"]
[Round "02"]
[TimeControl "180+1"]
[Date "2022.06.07"]
[WhiteClock "0:00:05"]
[BlackClock "0:00:19"]

1. e4 e5 2. Nf3 Nc6 3. Bc4 Bc5 4. d3 Nf6 5. c3 h6 6. Bb3 d6 7. Nbd2 Bb6 8. Nf1 Be6 9. Ng3 d5 10. Qe2 Qd6 11. O-O O-O-O 12. Be3 d4 13. cxd4 Nxd4 14. Nxd4 Bxd4 15. Rfc1 Kb8 16. Bc4 Bxc4 17. dxc4 Bxe3 18. Qxe3 Qd2 19. Qb3 Qf4 20. c5 Rd2 21. Rf1 Nxe4 22. Nxe4 Qxe4 23. Qxf7 Qg4 24. h3 Qg5 25. c6 b6 26. a4 Rd6 27. Rfc1 Rf6 28. Qc4 Qf5 29. Rc2 Qe6 30. Qb5 Qc8 31. a5 a6 32. Qxe5 b5 33. Rd1 Re8 34. Qc5 Qf5 35. Qd4 Qxc2 36. Rd2 Qb1+ 37. Kh2 Qf5 38. g4 0-1


[Site "https://www.chess.com"]

[Event "Titled Tuesday Blitz June 07 Early 2022"]
[White "Aakanksha Hagawane"]
[Black "Shimelkov, Vasiliy"]
[WhiteFideId "25014510"]
[BlackFideId "13701630"]
[WhiteElo "1971"]
[BlackElo "2073"]
[Result "1-0"]
[Round "03"]
[TimeControl "180+1"]
[Date "2022.06.08"]
[WhiteClock "0:00:04"]
[BlackClock "0:00:05"]

1. d4 d5 2. Nf3 Nf6 3. e3 e6 4. Bd3 c5 5. b3 Be7 6. Bb2 O-O 7. O-O b6 8. Nbd2 Bb7 9. Ne5 Nbd7 10. f4 Rc8 11. Qe2 Ne4 12. Bxe4 dxe4 13. c4 f5 14. Rad1 Nxe5 15. fxe5 Qc7 16. g4 Bg5 17. gxf5 exf5 18. d5 Rcd8 19. Kh1 Qe7 20. Rg1 Bh6 21. Rdf1 g6 22. Rg3 Bg7 23. Rfg1 Rf7 24. e6 Bxb2 25. exf7+ Kxf7 26. Rh3 Kg8 27. Qh5 Bc8 28. Qh6 Be5 29. Qh4 Qxh4 30. Rxh4 a6 31. Kg2 Kg7 32. Kf2 h6 33. Ke2 g5 34. Rh3 f4 35. Rh4 Rf8 36. exf4 Bxf4 37. Nxe4 Kg6 38. d6 Bd7 39. Kd3 Be5 40. Rhg4 Bxg4 41. Rxg4 Bxh2 42. d7 Rd8 43. Kc3 Rxd7 44. Rg2 Be5+ 45. Kc2 Rd4 46. Nd2 h5 47. Nf3 Re4 48. Rxg5+ Kf6 49. Rxh5 Re2+ 50. Kd3 Rxa2 51. Nxe5 Rb2 52. Nd7+ Ke6 53. Nf8+ Kd6 54. Rh6+ Ke7 55. Ng6+ Kf6 56. Kc3 Rb1 57. Nh4+ Kg5 58. Rh8 Rc1+ 59. Kb2 Re1 60. Nf3+ 1-0


[Site "https://www.chess.com"]

[Event "Titled Tuesday Blitz June 07 Early 2022"]
[White "Abarca Gonzalez, Nicolas"]
[Black "Sarana, Alexey"]
[WhiteFideId "3409422"]
[BlackFideId "24133795"]
[WhiteElo "2504"]
[BlackElo "2666"]
[Result "0-1"]
[Round "03"]
[TimeControl "180+1"]
[Date "2022.06.07"]
[WhiteClock "0:00:01"]
[BlackClock "0:00:52"]

1. e4 c5 2. Nf3 d6 3. Bc4 Nf6 4. e5 dxe5 5. Nxe5 e6 6. Qe2 Bd6 7. f4 Bd7 8. b3 Nc6 9. Bb2 Nd4 10. Bxd4 cxd4 11. a4 O-O 12. O-O Nd5 13. Na3 a6 14. Bd3 Bc5 15. Nac4 Be8 16. f5 f6 17. fxe6 fxe5 18. Qxe5 Rc8 19. Rxf8+ Bxf8 20. Rf1 Nf6 21. g4 Rc5 22. Qf4 Be7 23. g5 Nh5 24. Qe4 Rxg5+ 25. Kf2 Nf6 0-1


[Site "https://www.chess.com"]

[Event "Titled Tuesday Blitz June 07 Early 2022"]
[White "Aitbayev, Aslan"]
[Black "Dushyant Sharma"]
[WhiteFideId "13704613"]
[BlackFideId "25065130"]
[WhiteElo "2385"]
[BlackElo "2105"]
[Result "1-0"]
[Round "03"]
[TimeControl "180+1"]
[Date "2022.06.08"]
[WhiteClock "0:00:11"]
[BlackClock "0:00:03"]

1. e4 d5 2. exd5 Nf6 3. d4 Bg4 4. f3 Bf5 5. c4 e6 6. dxe6 Nc6 7. Be3 Bb4+ 8. Nc3 O-O 9. Ne2 Re8 10. d5 Ne5 11. Nd4 fxe6 12. Be2 Qc8 13. g4 c5 14. dxc6 Bg6 15. cxb7 Qxb7 16. O-O Rad8 17. Qb3 Qe7 18. Rad1 Bc5 19. Na4 Rb8 20. Qc3 Bb4 21. Qc1 Red8 22. a3 Ba5 23. b4 Bc7 24. Nc5 Bf7 25. h3 Qe8 26. f4 Ng6 27. Bf3 e5 28. Nf5 exf4 29. Bf2 h5 30. Rde1 Ne5 31. Bd4 Rxd4 32. Nxd4 hxg4 33. hxg4 Rd8 34. Nf5 Qf8 35. Nb7 Rb8 36. c5 Bc4 37. Nbd6 Bxd6 38. Nxd6 Bxf1 39. Rxe5 Ba6 40. Qxf4 Qe7 41. Rxe7 1-0


[Site "https://www.chess.com"]

[Event "Titled Tuesday Blitz June 07 Early 2022"]
[White "Alvarado Diaz, Alejandro"]
[Black "Costachi, Mihnea"]
[WhiteFideId "2276119"]
[BlackFideId "1217518"]
[WhiteElo "2438"]
[BlackElo "2476"]
[Result "1/2-1/2"]
[Round "03"]
[TimeControl "180+1"]
[Date "2022.06.07"]
[WhiteClock "0:00:05"]
[BlackClock "0:00:57"]

1. d4 Nf6 2. c4 g6 3. Nc3 Bg7 4. e4 O-O 5. Be2 d6 6. Be3 Na6 7. g4 c5 8. d5 e6 9. g5 Nh5 10. Bxh5 gxh5 11. Qxh5 Nb4 12. Kd2 exd5 13. cxd5 c4 14. Nge2 Nd3 15. Rab1 b5 16. Bd4 Bxd4 17. Nxd4 Qb6 18. Nce2 b4 19. Rhg1 Nf4 20. Qf3 Ng6 21. h4 Ne5 22. Qf6 c3+ 23. bxc3 bxc3+ 24. Ke3 Qa6 25. f4 Qd3+ 26. Kf2 Ng4+ 27. Rxg4 Bxg4 28. Rg1 Bxe2 29. g6 fxg6 30. Rxg6+ hxg6 31. Qxg6+ Kh8 32. Qh6+ Kg8 33. Qg6+ Kh8 34. Qh6+ Kg8 35. Qg6+ 1/2-1/2


[Site "https://www.chess.com"]